 Dungeon Crawl Stone Soup version 0.28.0 (webtiles) character file.

Game seed: 9051377324755432467

10 zeram the Ducker (level 2, -1/16 HPs)
             Began as a Spriggan Fighter on Feb 13, 2022.
             Killed from afar by a dart slug (3 damage)
             ... with a slug dart
             ... on level 1 of the Dungeon.
             The game lasted 00:00:25 (52 turns).

zeram the Ducker (Spriggan Fighter)                   Turns: 52, Time: 00:00:26

Health: -1/16      AC:  2    Str: 12    XL:     2   Next: 10%
Magic:  3/3        EV: 17    Int:  9    God:
Gold:   0          SH:  6    Dex: 14    Spells: 1/1 levels left

rFire   . . .      SeeInvis +   a - +0 rapier
rCold   . . .      Faith    .   c - +0 buckler
rNeg    . . .      Spirit   .   b - +0 robe
rPois   .          Reflect  .   (helmet restricted)
rElec   .          Harm     .   (no cloak)
rCorr   .          Rampage  .   (gloves unavailable)
Will    .....                   (boots unavailable)
Stlth   +.........              (no amulet)
HPRegen 0.05/turn               (no ring)
MPRegen 0.08/turn               (no ring)

@: mighty, very quick
A: very small, no large weapons, unfitting armour, see invisible, speed 3
a: no special abilities


You were on level 1 of the Dungeon.
You visited 1 branch of the dungeon, and saw 1 of its levels.

Inventory:

Hand Weapons
 a - a +0 rapier (weapon)
Armour
 b - a +0 robe (worn)
 c - a +0 buckler (worn)


   Skills:
 - Level 2.4 Fighting
 + Level 2.3 Short Blades
 + Level 4.4 Dodging
 + Level 2.3 Shields


You had one spell level left.
You didn't know any spells.
Your spell library was empty.

Dungeon Overview and Level Annotations

Branches:
Dungeon (1/15)

Altars:


Innate Abilities, Weirdness & Mutations

You are very small and have problems with some larger weapons.
You are too small for most types of armour.
You have supernaturally acute eyesight. (SInv)
You cover ground extremely quickly. (Speed+++)


Message History

You barely miss the ball python. The ball python barely misses you.
You block the ball python's attack.
You closely miss the ball python. The ball python bites you.
The ball python closely misses you. The ball python misses you.
The ball python grabs you. The ball python constricts you.
You barely miss the ball python.
The ball python bites you but does no damage.
The ball python constricts you.
You hit the ball python.
The ball python is moderately wounded.
The ball python barely misses you. The ball python constricts you.
* * * LOW HITPOINT WARNING * * *
You closely miss the ball python.
The ball python is moderately wounded.
The ball python barely misses you. The ball python constricts you.
The ball python closely misses you. The ball python constricts you.
You hit the ball python.
You kill the ball python!
The ball python bites you.
* * * LOW HITPOINT WARNING * * *
The ball python misses you.
You hit the ball python.
You kill the ball python!
You hit the hobgoblin.
You kill the hobgoblin!
You feel very mighty all of a sudden. You block the ball python's attack.
The ball python misses you. x3
You puncture the ball python!
You kill the ball python!
You have reached level 2!
You puncture the goblin!
You kill the goblin!
You hit the dart slug.
The dart slug is heavily wounded.
Unknown command.
You hit the dart slug.
The dart slug is almost dead.
The dart slug launches a dart at you. The slug dart hits you.
You die...

........... .
..........####. ..
#.........#....
.w.##.##..........
.....S........S..
###.#.##.......# .
###.#.##.......# ...
........g......#####...##
...............w@.......[
........##.########....#.
........#..<.# ...#
........#....# ....
...(....##+#+# #.♣
......... ♣ ..........
.##.#.##.. #.#. ..


You could see a dart slug.

Vanquished Creatures
  3 ball pythons (D:1)
  A goblin (D:1)
  A hobgoblin (D:1)
  2 jackals (D:1)
  A frilled lizard (D:1)
8 creatures vanquished.

Notes
Turn   | Place    | Note
-------+----------+-------------------------------------------
     0 | D:1      | zeram the Spriggan Fighter began the quest for the Orb.
     0 | D:1      | Reached XP level 1. HP: 11/11 MP: 2/2
    50 | D:1      | Reached XP level 2. HP: 1/16 MP: 3/3
    52 | D:1      | Killed from afar by a dart slug

Illustrated notes

Levels and vault maps discovered:
D:1:      dpeg_arrival_ratfight, layout_basic, serial_shops, shop,
          shapermc_ecumenical_altar_totnotflames

Action                   || total
-------------------------++-------
Melee: Rapier            ||    26
  Use: Potion            ||     1
Armor: Robe              ||     5
Dodge: Dodged            ||    38
Block: Buckler           ||    13
